 Dungeon Crawl Stone Soup version 0.25-a0-578-gc91f01c39c (webtiles) character file.

Game seed: 1580839746287461221, levelgen mode: deterministic

8 An17 the Sneak (level 2, -2/19 HPs)
             Began as a Vampire Enchanter on Mar 4, 2020.
             Slain by a goblin
             ... wielding a +0 club
              (6 damage)
             ... on level 1 of the Dungeon.
             The game lasted 00:00:39 (168 turns).

An17 the Sneak (Vampire Enchanter)                   Turns: 168, Time: 00:00:40

Health: -2/19      AC:  2    Str:  7    XL:     2   Next: 0%
Magic:  4/5        EV: 13    Int: 17    God:
Gold:   6          SH:  2    Dex: 14    Spells: 4/5 levels left

rFire    . . .     SeeInvis +   a - +1 dagger
rCold    . . .     Gourm    .   (no shield)
rNeg     . . .     Faith    .   b - +0 robe
rPois    .         Spirit   .   (no helmet)
rElec    .         Reflect  +   (no cloak)
rCorr    .         Harm     .   (no gloves)
MR       .....                  (no boots)
Stlth    +++.......             d - +2 amulet of reflection
HPRegen  0.26/turn              (no ring)
MPRegen  0.09/turn              (no ring)

@: regenerating quickly
A: no food, fangs 3, see invisible, unbreathing
a: Exsanguinate


You were on level 1 of the Dungeon.
You were alive.

You visited 1 branch of the dungeon, and saw 1 of its levels.

You collected 6 gold pieces.

Inventory:

Hand Weapons
 a - a +1 dagger (weapon)
Armour
 b - a +0 robe (worn)
 e - a +0 scale mail
Jewellery
 d - a +2 amulet of reflection (around neck)
Potions
 c - a potion of haste {unknown}


   Skills:
 + Level 1.1 Short Blades
 + Level 2.4 Dodging
 + Level 4.6 Stealth
 + Level 2.1 Spellcasting
 + Level 4.6 Hexes


You had 4 spell levels left.
You knew the following spells:

 Your Spells              Type           Power        Failure   Level  Hunger
a - Corona                Hex            ###....      2%          1    N/A

Your spell library contained the following spells:

 Spells                   Type           Power        Failure   Level  Hunger
 Confusing Touch          Hex            ###.....     9%          3    N/A
 Tukima's Dance           Hex            ###.....     9%          3    N/A
 Ensorcelled Hibernation  Hex/Ice        #.....       11%         2    N/A
 Dazzling Flash           Conj/Hex       #.....       22%         3    N/A

Dungeon Overview and Level Annotations

Branches:
Dungeon (1/15)

Altars:


Innate Abilities, Weirdness & Mutations

You do not eat.
Your natural rate of healing is unusually fast.
You have razor-sharp teeth.
You have supernaturally acute eyesight. (SInv)
You can survive without breathing.


Message History

You barely miss the goblin.
The goblin is moderately wounded.
The goblin barely misses you.
You barely miss the goblin. Your bite misses the goblin.
The goblin is moderately wounded.
The goblin closely misses you.
You barely miss the goblin.
The goblin is moderately wounded.
The goblin closely misses you.
You hit the goblin but do no damage.
The goblin is moderately wounded.
You barely miss the goblin.
The goblin is moderately wounded.
The leopard gecko hisses menacingly.
The goblin hits you with a +0 club.
* * * LOW HITPOINT WARNING * * *
You hit the goblin but do no damage.
The goblin is moderately wounded.
The goblin hits you with a +0 club.
You die...

#..# #.##.#
#..# #l#..# '
#l.# #.#..# K.
#..# #l#.##
##.#..# #.#l#
#...g.#####K#l#
#....Kll..wg#.#
#...#########.#
......
#.@gll†.###
.....
#)###.....#
..l.. #.#
#†###.# ..w.
#.# #...#.#
....
#.#######.#
#.........#
######.#### #.#
## #.#


You could see 2 leopard geckos and a goblin.

Vanquished Creatures
  2 leopard geckos (D:1)
  A hobgoblin (D:1)
  A kobold (D:1)
  A bat (D:1)
  A frilled lizard (D:1)
6 creatures vanquished.

Notes
Turn   | Place    | Note
-------+----------+-------------------------------------------
     0 | D:1      | An17 the Vampire Enchanter began the quest for the Orb.
     0 | D:1      | Reached XP level 1. HP: 13/13 MP: 3/3
   144 | D:1      | Reached XP level 2. HP: 3/19 MP: 3/5
   168 | D:1      | Slain by a goblin

Levels and vault maps discovered:
D:1:      dpeg_cavernosity, layout_basic, evilmike_ruin_ashenzari

Action                   || total
-------------------------++-------
Melee: Dagger            ||    32
       Bite              ||     1
 Cast: Corona            ||     3
 Stab: Sleeping          ||     1
Armor: Robe              ||     2
Dodge: Dodged            ||    18
Block: Other             ||     2

Table legend:
 A = Non-vault XP
 B = Vault XP
 C = Vault XP percentage of total XP
 D = Non-vault monster count
 E = Vault monster count
 F = Vault count percentage of total count
                 A         B        C        D         E       F
            +---------+---------+-------+---------+---------+-------
      Total |      12 |       0 |   0.0 |       6 |       0 |   0.0
            +---------+---------+-------+---------+---------+-------
        D:1 |      12 |       0 |   0.0 |       6 |       0 |   0.0
            +---------+---------+-------+---------+---------+-------
